 Dungeon Crawl Stone Soup version 0.24.0-123-gd5b16e6ec5 (webtiles) character file.

Game seed: 14324705134459186622, levelgen mode: deterministic

21 MoonSent the Skirmisher (level 2, -8/24 HPs)
             Began as a Demonspawn Chaos Knight on Jan 5, 2020.
             Was a Plaything of Xom.
             Mangled by a hornet (shapeshifter) (12 damage)
             ... on level 1 of the Dungeon.
             The game lasted 00:05:20 (658 turns).

MoonSent the Skirmisher (Demonspawn Chaos Knight)    Turns: 658, Time: 00:05:20

Health: -8/24      AC:  7    Str: 12    XL:     2   Next: 65%
Magic:  2/2        EV: 11    Int: 13    God:    Xom [.*....]
Gold:   41         SH:  0    Dex: 12    Spells: 1/1 levels left

rFire    . . .     SeeInvis .   a - +0 spear (chaos)
rCold    . . .     Gourm    .   (no shield)
rNeg     . . .     Faith    .   b - +2 leather armour
rPois    .         Spirit   .   (no helmet)
rElec    .         Reflect  .   (no cloak)
rCorr    .         Harm     .   (no gloves)
MR       .....                  (no boots)
Stlth    +.........             (no amulet)
HPRegen  0.08/turn              (no ring)
MPRegen  0.08/turn              (no ring)

@: slowed, very slow
A: yellow scales 1
a: Renounce Religion


You were on level 1 of the Dungeon.
You worshipped Xom.
You were a plaything of Xom.
You were not hungry.

You visited 1 branch of the dungeon, and saw 1 of its levels.

You collected 41 gold pieces.

Inventory:

Hand Weapons
 a - a +0 spear of chaos (weapon)
Armour
 b - a +2 leather armour (worn)
 f - a +0 chain mail
Scrolls
 d - a scroll of blinking {unknown}
 g - a scroll of identify {unknown}
Potions
 e - a potion of curing
Comestibles
 c - 3 rations


   Skills:
 + Level 3.4 Fighting
 + Level 3.0 Polearms
 + Level 1.9 Armour
 + Level 1.0 Dodging
 + Level 0.2 Stealth


You had one spell level left.
You didn't know any spells.
Your spell library was empty.

Dungeon Overview and Level Annotations

Branches:
Dungeon (1/15)

Altars:


Innate Abilities, Weirdness & Mutations

You are partially covered in yellow scales. (AC +2)


Message History

* * * LOW HITPOINT WARNING * * *
You feel sick.
The queen bee changes into a hornet!
Your crimson imp misses the hornet.
Your shadow imp misses the hornet.
* * * LOW HITPOINT WARNING * * *
You feel sick.
The hobgoblin barely misses your crimson imp.
It was a potion of curing.
You feel better.
Xom roars with laughter!
The hornet stings you but does no damage.
Your crimson imp hits the hornet but does no damage.
The hobgoblin completely misses your butterfly.
The hornet barely misses you.
Your crimson imp barely misses the hobgoblin.
Something misses your butterfly. The hornet stings you.
* * * LOW HITPOINT WARNING * * *
You feel yourself slow down. The hornet stings you!
Ouch! That really hurt!
You die...
Xom snickers!

#### #...##### #
#...@.#### ####
..##.#y5....# #...
...(.##g....#########...
##(!..5b...#.......#...
#b##b...b##.......#...
..#......#........####
.......b..#........#
..........##........#
....................#


You could see a hornet shaped shifter, a hobgoblin, a friendly crimson imp and a
friendly shadow imp.

Vanquished Creatures
  An ooze (D:1)
  A ball python (D:1)
  A giant cockroach (D:1)
  2 goblins (D:1)
  2 hobgoblins (D:1)
  5 bats (D:1)
  2 kobolds (D:1)
  3 rats (D:1)
17 creatures vanquished.

Notes
Turn   | Place    | Note
-------+----------+-------------------------------------------
     0 | D:1      | MoonSent the Demonspawn Chaos Knight began the quest for
                  | the Orb.
     0 | D:1      | Reached XP level 1. HP: 18/18 MP: 1/1
    20 | D:1      | XOM: silly message
    99 | D:1      | Gained mutation: You are partially covered in yellow
                  | scales. (AC +2) [demonic ancestry]
    99 | D:1      | Reached XP level 2. HP: 21/24 MP: 2/2
   350 | D:1      | Reached skill level 1 in Dodging
   649 | D:1      | Noticed a shapeshifter
   649 | D:1      | a rat changed into a shapeshifter
   649 | D:1      | Noticed a queen bee
   649 | D:1      | a shapeshifter changed into a queen bee
   651 | D:1      | XOM: summons 2 friendly demons
   651 | D:1      | XOM: butterfly on damage
   653 | D:1      | Noticed a hornet
   653 | D:1      | a queen bee changed into a hornet
   658 | D:1      | Mangled by a hornet (shapeshifter)

Levels and vault maps discovered:
D:1:      scummos_arrival_simple_crosswalls, layout_basic, minmay_tromino_v4_a

Skill      XL: |  1  2 |
---------------+-------+-----
Dodging        | 1 |  1.0
Polearms       | 3 |  3.0
Fighting       | |  3.4
Armour         | |  1.9
Stealth        | |  0.2

Action                   || total
-------------------------++-------
Melee: Spear             ||    52
  Use: Potion            ||     1
 Stab: Petrified         ||     2
Armor: Leather armour    ||    21
Dodge: Dodged            ||    39
